 Dungeon Crawl Stone Soup version 0.26-b1-32-g5d43845318 (webtiles) character file.

Game seed: 15212609295324552754

153 Inarius the Chopper (level 5, -2/46 HPs)
             Began as a Hill Orc Fighter on Jan 10, 2021.
             Killed from afar by an orc wizard (6 damage)
             ... with a magic dart
             ... on level 2 of the Dungeon.
             The game lasted 00:02:39 (2153 turns).

Inarius the Chopper (Hill Orc Fighter)              Turns: 2153, Time: 00:02:39

Health: -2/46      AC:  9    Str: 20    XL:     5   Next: 35%
Magic:  5/5        EV:  7    Int:  8    God:
Gold:   190        SH:  9    Dex: 10    Spells: 4/4 levels left

rFire    . . .     SeeInvis .   a - +0 war axe
rCold    . . .     Faith    .   c - +0 kite shield
rNeg     . . .     Spirit   .   b - +0 scale mail
rPois    .         Reflect  .   g - +1 helmet
rElec    .         Harm     .   (no cloak)
rCorr    .         Rampage  .   (no gloves)
Will     .....                  (no boots)
Stlth    ..........             (no amulet)
HPRegen  0.15/turn              f - ring of flight
MPRegen  0.09/turn              (no ring)

@: slowed, very slow
A: no striking features
a: Evoke Flight


You were on level 2 of the Dungeon.
You visited 1 branch of the dungeon, and saw 3 of its levels.

You collected 190 gold pieces.

Inventory:

Hand Weapons
 a - a +0 war axe (weapon)
Armour
 b - a +0 scale mail (worn)
 c - a +0 kite shield (worn)
 g - a +1 helmet (worn)
Jewellery
 f - a ring of flight (left hand)
Scrolls
 h - a scroll of remove curse {unknown}
 i - a scroll of noise {unknown}
 j - a scroll of enchant armour {unknown}
 m - a scroll of magic mapping {unknown}
 n - a scroll of fog {unknown}
 o - a scroll of identify {unknown}
Potions
 d - 2 potions of might
 e - a potion of experience {unknown}
 k - a potion of degeneration {unknown}
 l - a potion of flight {unknown}


   Skills:
 + Level 4.3 Fighting
 * Level 5.5 Axes
 + Level 3.7 Armour
 + Level 4.1 Shields


You had 4 spell levels left.
You didn't know any spells.
Your spell library was empty.

Dungeon Overview and Level Annotations

Branches:
Dungeon (3/15)

Altars:

Annotations:
D:3 Sigmund


Message History

The orc wizard hits you with a cursed -2 dagger.
* * * LOW HITPOINT WARNING * * *
The orc wizard gestures wildly while chanting.
The orc wizard blinks!
The orc wizard points at you and mumbles some strange words.
The magic dart hits you.
* * * LOW HITPOINT WARNING * * *
There is a stone staircase leading down here.
The orc wizard gestures at you while chanting.
The magic dart hits you.
* * * LOW HITPOINT WARNING * * *
The orc wizard points at you and mumbles some strange words.
You feel yourself slow down.
The orc wizard gestures wildly while chanting.
The orc wizard blinks!
You aren't carrying any items that you can evoke.
Unknown command.
The orc wizard gestures at you while chanting.
The magic dart hits you.
You die...

########## #........#
#........# #........#
#..[.....# ##
######........#######.
#######....@................
#....##.####........#####...
#.......# #.....o..# ##..
#....#### #........# #..
#....# ########## ##. ###.##
#. #.# #. #.# #. #.#
######### #.


You could see an orc wizard (fast).

Vanquished Creatures
  Jessica (D:2)
  Natasha (D:3)
  Robin (D:3)
  2 adders
  2 worms (D:2)
  A dart slug (D:1)
  A leopard gecko (D:3)
  2 orcs (D:3)
  8 giant cockroaches
  8 hobgoblins
  2 jackals (D:1)
  6 kobolds
  12 bats
  2 frilled lizards
  11 goblins
  A rat (D:2)
61 creatures vanquished.

Notes
Turn   | Place    | Note
-------+----------+-------------------------------------------
     0 | D:1      | Inarius the Hill Orc Fighter began the quest for the Orb.
     0 | D:1      | Reached XP level 1. HP: 19/19 MP: 1/1
   199 | D:1      | Reached skill level 3 in Axes
   199 | D:1      | Reached XP level 2. HP: 26/27 MP: 2/2
   473 | D:1      | Reached XP level 3. HP: 33/33 MP: 3/3
  1197 | D:2      | Noticed Jessica
  1210 | D:2      | Killed Jessica
  1211 | D:2      | Reached skill level 4 in Axes
  1211 | D:2      | Reached XP level 4. HP: 12/40 MP: 4/4
  1752 | D:3      | Noticed Robin
  1771 | D:3      | Killed Robin
  1773 | D:3      | Reached skill level 5 in Axes
  1937 | D:3      | Noticed Natasha
  1945 | D:3      | Killed Natasha
  1946 | D:3      | Reached XP level 5. HP: 37/46 MP: 5/5
  2033 | D:3      | Noticed Sigmund
  2153 | D:2      | Killed from afar by an orc wizard

Illustrated notes

Levels and vault maps discovered:
D:1:      lightli_arrival_windingriver, layout_basic
D:2:      minmay_diamond_boxcup, layout_basic, guppyfry_early_lair_pool,
          uniq_jessica
D:3:      layout_basic, uniq_natasha, uniq_sigmund, uniq_robin

Skill      XL: |  1  2  3  4 |
---------------+-------------+-----
Axes           | 3 4 5 |  5.5
Fighting       | 4 |  4.3
Shields        | 4 |  4.1
Armour         | |  3.7

Action                   |  1- 3 |  4- 6 || total
-------------------------+-------+-------++-------
Melee: War axe           |   104 |   109 ||   213
Armor: Scale mail        |    58 |    70 ||   128
Dodge: Dodged            |    41 |    39 ||    80
Block: Kite shield       |    69 |    68 ||   137
